 Dungeon Crawl Stone Soup version 0.29.1-12-g30fa7ad0bf (webtiles) character file.

Game seed: 16512086031546800460

252 MisterFreud the Covert (level 6, -4/50 HPs)
             Began as a Gnoll Brigand on Dec 26, 2022.
             Was an Initiate of Hepliaklqana.
             Slain by an ogre
             ... wielding a +0 giant spiked club
              (9 damage)
             ... on level 6 of the Dungeon.
             The game lasted 00:03:49 (3823 turns).

MisterFreud the Covert (Gnoll Brigand)              Turns: 3823, Time: 00:03:49

Health: -4/50      AC:  5    Str: 10    XL:     6   Next: 13%
Magic:  8/8        EV: 13    Int: 12    God:    Hepliaklqana [......]
Gold:   353        SH:  0    Dex: 14    Spells: 8/8 levels left

rFire   . . .      SeeInvis .   a - +2 dagger
rCold   . . .      Faith    .   (no shield)
rNeg    . . .      Spirit   .   b - +0 robe
rPois   .          Reflect  .   j - +0 helmet
rElec   .          Harm     .   c - +1 cloak
rCorr   .          Rampage  .   (no gloves)
Will    .....                   (no boots)
Stlth   ++++......              (no amulet)
HPRegen 0.16/turn               (no ring)
MPRegen 0.11/turn               (no ring)

@: weak-willed
A: fangs 1, strong nose, distributed training
a: Renounce Religion


You were on level 6 of the Dungeon.
You worshipped Hepliaklqana.
Hepliaklqana was noncommittal.
You visited 2 branches of the dungeon, and saw 6 of its levels.

You collected 353 gold pieces.

Inventory:

Hand Weapons
 a - a +2 dagger (weapon)
 h - a +0 rapier
 v - a +0 long sword of venom
Missiles
 d - 11 poisoned darts (quivered)
 e - 3 curare-tipped darts
 r - 3 javelins
Armour
 b - a +0 robe (worn)
 c - a +1 cloak (worn)
 j - a +0 helmet (worn)
Jewellery
 g - an amulet of guardian spirit
 w - an amulet of regeneration
Wands
 m - a wand of mindburst (11)
 t - a wand of roots (6)
Scrolls
 l - a scroll of teleportation
Potions
 f - 2 potions of curing
 i - 4 potions of heal wounds
 k - a potion of degeneration {unknown}
 n - a potion of berserk rage {unknown}
 o - 3 potions of mutation
 p - a potion of might {unknown}
 q - a potion of brilliance {unknown}
 s - 2 potions of magic
 u - a potion of resistance {unknown}


   Skills:
 + Level 4.9 Fighting
 + Level 4.9 Short Blades
 + Level 1.9 Long Blades
 + Level 1.9 Axes
 + Level 1.9 Maces & Flails
 + Level 1.9 Polearms
 + Level 1.9 Staves
 + Level 1.9 Ranged Weapons
 + Level 4.9 Throwing
 + Level 1.9 Armour
 + Level 3.2 Dodging
 + Level 8.0 Stealth
 + Level 1.9 Shields
 + Level 1.9 Unarmed Combat
 + Level 1.9 Spellcasting
 + Level 1.5 Conjurations
 + Level 1.5 Hexes
 + Level 1.5 Summonings
 + Level 1.5 Necromancy
 + Level 1.5 Translocations
 + Level 1.5 Transmutations
 + Level 1.5 Fire Magic
 + Level 1.5 Ice Magic
 + Level 1.5 Air Magic
 + Level 1.5 Earth Magic
 + Level 1.5 Poison Magic
 + Level 2.1 Invocations
 + Level 1.9 Evocations


You had 8 spell levels left.
You didn't know any spells.
Your spell library contained the following spells:

 Spells                   Type           Power      Damage    Failure   Level
 Gell's Gravitas          Tloc           4%         N/A       41%         3
 Lesser Beckoning         Tloc           4%         N/A       41%         3
 Teleport Other           Tloc           4%         N/A       41%         3


Dungeon Overview and Level Annotations

Branches:
Dungeon (4/15)             Temple (1/1) D:4

Altars:
Ashenzari
Dithmenos
Elyvilon
Fedhas
Gozag
Hepliaklqana
Kikubaaqudgha
Makhleb
Nemelex Xobeh
Okawaru
Qazlal
Ru
Trog
Zin


Innate Abilities, Weirdness & Mutations

You have very sharp teeth.
Your uncanny sense of smell can sniff out nearby items.
Your experience applies equally to all skills.


Message History

Unknown command.
Unknown command.
Throw: 13 darts (poison)
Press: ? - help, Q - select action, (/) - cycle Shift-Dir - straight line, f/p - ogre
Aim: an ogre, wielding a +0 giant spiked club (77% to hit)
You throw a poisoned dart. The poisoned dart hits the ogre.
The ogre is poisoned.
Unknown command.
Throw: 12 darts (poison)
Press: ? - help, Q - select action, (/) - cycle Shift-Dir - straight line, f/p - ogre
Aim: an ogre, wielding a +0 giant spiked club (poisoned, 77% to hit)
You throw a poisoned dart.
The poisoned dart barely misses the ogre.
Unknown command.
You barely miss the ogre.
The ogre is lightly wounded.
The ogre hits you with a +0 giant spiked club!
You barely miss the ogre.
The ogre is lightly wounded.
You hit the ogre.
The ogre is moderately wounded.
The ogre hits you with a +0 giant spiked club!
You hit the ogre. You bite the ogre, but do no damage.
The ogre is moderately wounded.
You hit the ogre.
The ogre is heavily wounded.
The ogre hits you with a +0 giant spiked club!
* * * LOW HITPOINT WARNING * * *
Aiming: Mindburst
Press: ? - help, Shift-Dir - straight line, f/p - ogre
Aim: an ogre, wielding a +0 giant spiked club (heavily wounded, poisoned, chance to affect: 72%)
The ogre struggles to resist.
Unknown command.
Unknown command.
Aiming: Mindburst
Press: ? - help, Shift-Dir - straight line, f/p - ogre
Aim: an ogre, wielding a +0 giant spiked club (heavily wounded, poisoned, chance to affect: 72%)
The ogre's mind is blasted!
The ogre hits you with a +0 giant spiked club!
You die...

∆ #.#.###.# #.# ####
#.......# #.. ....
#.##.######.. #...
#.##.# #... #... #.##.#
#... ###...#### #.##.#
#...
.........###.##.######..
........$...............
(....(O@.####.#.########
##....#### #.#.# #...
#.#.# #.. .#### .). .
### ## .# #A# . #####
####._.####
##..#.^.#..####


You could see an ogre (poisoned).

Vanquished Creatures
  A phantom (Temple)
  An orc priest (D:6)
  An iguana (D:4)
  An orc wizard (D:6)
  3 adders
  2 worms
  2 dart slugs (D:2)
  2 orcs (D:6)
  A ball python (D:2)
  10 bats
  11 endoplasms
  A giant cockroach (D:1)
  6 goblins
  5 hobgoblins
  4 kobolds
  A quokka (D:2)
  7 frilled lizards (D:1)
  3 rats
62 creatures vanquished.

Vanquished Creatures (others)
  5 plants (D:1)
5 creatures vanquished.

Grand Total: 67 creatures vanquished

Notes
Turn   | Place    | Note
-------+----------+-------------------------------------------
     0 | D:1      | MisterFreud the Gnoll Brigand began the quest for the Orb.
     0 | D:1      | Reached XP level 1. HP: 20/20 MP: 1/1
   222 | D:1      | Reached XP level 2. HP: 26/26 MP: 2/2
  1117 | D:2      | Reached XP level 3. HP: 31/31 MP: 3/3
  1297 | D:2      | Reached skill level 1 in Invocations
  1626 | D:2      | Reached skill level 1 in Long Blades
  1626 | D:2      | Reached skill level 1 in Axes
  1626 | D:2      | Reached skill level 1 in Maces & Flails
  1626 | D:2      | Reached skill level 1 in Polearms
  1626 | D:2      | Reached skill level 1 in Staves
  1626 | D:2      | Reached skill level 1 in Ranged Weapons
  1626 | D:2      | Reached skill level 1 in Armour
  1626 | D:2      | Reached skill level 1 in Shields
  1626 | D:2      | Reached skill level 1 in Unarmed Combat
  1626 | D:2      | Reached skill level 1 in Spellcasting
  1626 | D:2      | Reached skill level 1 in Evocations
  1681 | D:2      | Found a faded altar of an unknown god.
  1777 | D:2      | Reached XP level 4. HP: 38/38 MP: 5/5
  2390 | D:3      | Reached skill level 1 in Conjurations
  2390 | D:3      | Reached skill level 1 in Hexes
  2390 | D:3      | Reached skill level 1 in Summonings
  2390 | D:3      | Reached skill level 1 in Necromancy
  2390 | D:3      | Reached skill level 1 in Translocations
  2390 | D:3      | Reached skill level 1 in Transmutations
  2390 | D:3      | Reached skill level 1 in Fire Magic
  2390 | D:3      | Reached skill level 1 in Ice Magic
  2390 | D:3      | Reached skill level 1 in Air Magic
  2390 | D:3      | Reached skill level 1 in Earth Magic
  2390 | D:3      | Reached skill level 1 in Poison Magic
  2592 | D:4      | Noticed a phantom
  2597 | D:4      | Found a staircase to the Ecumenical Temple.
  2610 | Temple   | Entered the Ecumenical Temple
  2643 | Temple   | Killed a phantom
  2644 | Temple   | Reached XP level 5. HP: 18/43 MP: 5/7
  2984 | Temple   | Became a worshipper of Hepliaklqana the Forgotten
  3294 | D:4      | Found a stormy altar of Qazlal.
  3362 | D:4      | Reached skill level 8 in Stealth
  3575 | D:4      | You fall into a shaft and drop 2 floors!
  3609 | D:6      | Found a burning altar of Makhleb.
  3609 | D:6      | Found a glowing silver altar of Zin.
  3610 | D:6      | Noticed an angel
  3610 | D:6      | Noticed a balrug
  3728 | D:6      | Reached XP level 6. HP: 50/50 MP: 8/8
  3823 | D:6      | Slain by an ogre

Illustrated notes

Levels and vault maps discovered:
D:1:      lightli_arrival_statue_moat, layout_loops_ring, minmay_lizard_king
D:2:      layout_loops_cross, hellmonk_ecumenical_altar_pennies_from_heaven,
          chequers_serial_rivers_marsh, kennysheep_generic_room_5
D:3:      layout_loops_ring, minmay_misc_feat_roman
D:4:      layout_cave_pods, grunt_qazlal_sundering, minmay_temple_entry_trees
D:6:      layout_loops_ring, grunt_temple_overflow_order_and_chaos_2,
          serial_shops, nicolae_shop_hallway_plus
Temple:   bh_familiar_temple

Skill      XL: |  1  2  3  4  5 |
---------------+----------------+-----
Invocations    | 1 2 |  2.1
Long Blades    | 1 |  1.9
Axes           | 1 |  1.9
Maces & Flails | 1 |  1.9
Polearms       | 1 |  1.9
Staves         | 1 |  1.9
Ranged Weapons | 1 |  1.9
Armour         | 1 |  1.9
Shields        | 1 |  1.9
Unarmed Combat | 1 |  1.9
Spellcasting   | 1 |  1.9
Evocations     | 1 |  1.9
Conjurations   | 1 |  1.5
Hexes          | 1 |  1.5
Summonings     | 1 |  1.5
Necromancy     | 1 |  1.5
Translocations | 1 |  1.5
Transmutations | 1 |  1.5
Fire Magic     | 1 |  1.5
Ice Magic      | 1 |  1.5
Air Magic      | 1 |  1.5
Earth Magic    | 1 |  1.5
Poison Magic   | 1 |  1.5
Dodging        | 3 |  3.2
Stealth        | 8 |  8.0
Fighting       | |  4.9
Short Blades   | |  4.9
Throwing       | |  4.9

Action                   |  1- 3 |  4- 6 || total
-------------------------+-------+-------++-------
Melee: Dagger            |    99 |   115 ||   214
       Punch             |     2 |     2 ||     4
       Bite              |     3 |    12 ||    15
Throw: Dart              |       |     3 ||     3
Evoke: Wand              |       |     2 ||     2
  Use: Scroll            |     3 |     6 ||     9
 Stab: Sleeping          |    13 |    11 ||    24
Armor: Robe              |    15 |    30 ||    45
Dodge: Dodged            |    33 |    39 ||    72
